 Dungeon Crawl Stone Soup version 0.31-a0-986-g5e6e4ef867 (webtiles) character file.

Game seed: 4359133269337388824

669 strifetoe the Magician (level 7, -1/49 HPs)
             Began as a Djinni Earth Elementalist on Nov 12, 2023.
             Slain by Pikel
             ... wielding a +2 whip of freezing
              (8 damage)
             ... on level 4 of the Dungeon.
             The game lasted 00:09:09 (3890 turns).

strifetoe the Magician (Djinni Earth Elementalist)  Turns: 3890, Time: 00:09:10

Health: -1/49      AC:  2    Str:  7    XL:     7   Next: 89%
Gold:   208        EV: 13    Int: 19    God:
                   SH:  0    Dex: 13

rFire   + + .        g - +2 dagger (venom)
rCold   x . .        (no shield)
rNeg    . . .        a - +0 robe
rPois   ∞            (no helmet)
rElec   .            (no cloak)
rCorr   .            (no gloves)
SInv    .            (boots unavailable)
Will    .....        n - amulet of the acrobat
Stlth   ++           (no ring)
HPRegen 0.28/turn    (no ring)
MPRegen 0.00/turn

%: acrobat, infuse magic (-2 HP)
@: flying
A: sickness immunity, fire resistance 2, cold vulnerability 1, float, innate
caster, HP casting, extra vitality 1
a: no special abilities


You were on level 4 of the Dungeon.
You visited 1 branch of the dungeon, and saw 4 of its levels.
You also visited: Sewer.

You collected 208 gold pieces.

Inventory:

Hand Weapons
 g - a +2 dagger of venom (weapon)
 t - a +2 short sword of freezing
Armour
 a - a +0 robe (worn)
 s - a +3 ring mail of poison resistance
Jewellery
 n - an amulet of the acrobat (around neck)
Wands
 d - a wand of digging (6)
 k - a wand of light (10)
 l - a wand of charming (6)
 r - a wand of flame (12)
Scrolls
 e - a scroll of revelation
 f - 2 scrolls of immolation
 i - a scroll of teleportation
 u - a scroll of identify
Potions
 c - 2 potions of brilliance {unknown}
 h - 2 potions of degeneration {unknown}
 j - 2 potions of cancellation
 m - a potion of resistance {unknown}
 o - a potion of heal wounds {unknown}
 p - a potion of invisibility {unknown}
 q - a potion of haste {unknown}


   Skills:
 + Level 2.1 Fighting
 + Level 3.6 Dodging
 - Level 1.9 Stealth
 - Level 6.0 Spellcasting
 - Level 6.0 Conjurations
 - Level 6.0 Hexes
 - Level 6.0 Summonings
 - Level 6.0 Necromancy
 - Level 6.0 Translocations
 - Level 6.0 Transmutations
 - Level 6.0 Fire Magic
 - Level 6.0 Ice Magic
 - Level 6.0 Air Magic
 - Level 6.0 Earth Magic
 - Level 6.0 Poison Magic


You knew the following spells:

 Your Spells              Type           Power      Damage    Failure   Level
a - Sandblast             Erth           56%        2d13      1%          1
b - Passwall              Tmut/Erth      23%        N/A       1%          2
c - Stone Arrow           Conj/Erth      56%        3d10      2%          3
d - Petrify               Tmut/Erth      28%        N/A       10%         4
e - Brom's Barrelling Bo  Conj/Erth      28%        2d5       10%         4
f - Freeze                Ice            100%       1d10      1%          1
g - Searing Ray           Conj           56%        2d6       1%          2
h - Scorch                Fire           56%        2d7       1%          2
Your spell library was empty.

Dungeon Overview and Level Annotations

Branches:
Dungeon (4/15)              Sewer (visited)
 Temple: D:4-7

Altars:
Okawaru

Annotations:
D:4 Pikel


Innate Abilities, Weirdness & Mutations

You are immune to sickness and miasma.
You are immune to poison.
Your flesh is very heat resistant. (rF++)
You are vulnerable to cold. (rC-)
You float through the air rather than walking.
You learn spells naturally, not from books.
Your magical power is your life essence.
You have superior vitality. (+4 MHP)


Message History

Aim: a lemure (heavily wounded, 64% to hit)
The stone arrow misses Pikel.
The stone arrow misses the lemure.
The stone arrow hits the lemure.
The lemure is moderately wounded.
* * * LOW HITPOINT WARNING * * *
Pikel hits you with a +2 whip of freezing.
* * * LOW HITPOINT WARNING * * *
Pikel freezes you.
* * * LOW HITPOINT WARNING * * *
You feel better. Pikel barely misses you.
You feel better.
Pikel hits you with a +2 whip of freezing.
Pikel freezes you.
* * * LOW HITPOINT WARNING * * *
You feel better.
Pikel hits you with a +2 whip of freezing.
Pikel freezes you.
Casting: Stone Arrow (dangerous; 2% risk of failure)
Confirm with . or Enter, or press ? or * to list all spells.
Okay, then.
Casting: Stone Arrow (dangerous; 2% risk of failure)
Confirm with . or Enter, or press ? or * to list all spells.
Aiming: Searing Ray (safe; 1% risk of failure)
Press: ? - help, Shift-Dir - straight line, f/p - lemure
Aim: a lemure (heavily wounded, 74% to hit)
The searing ray hits Pikel.
Pikel is severely wounded.
The searing ray hits the lemure.
The lemure is severely wounded.
The searing ray hits the lemure!
The lemure is severely wounded. (Press . to maintain the ray.) Pikel hits you with a +2 whip of freezing!
* * * LOW HITPOINT WARNING * * *
Pikel freezes you.
* * * LOW HITPOINT WARNING * * *
You feel better.
Pikel hits you with a +2 whip of freezing!
You die...
Pikel says, "See you in Hell!"

#.# #########
#.. #.#
#..[..... #..
#.# #........
#.. #.#
#........ #..
#.# #..K.....
#.. #.#
#........ #..
#.# #.5......
#..
#.####........
#..
#..@K55.......
+...
######.)......
#### #........
#........
#########


You could see Pikel and 2 lemures.

Vanquished Creatures
  Edmund (D:4)
  A water moccasin (D:4)
  2 lemures (D:4)
  2 hounds (D:4)
  An orc priest (D:4)
  Ijyb (D:3)
  Natasha (twice) (D:3)
  An orc wizard (D:3)
  A hell rat (Sewer)
  4 gnolls (D:3)
  5 adders
  3 river rats (Sewer)
  3 dart slugs
  8 orcs
  3 endoplasms
  8 giant cockroaches
  9 goblins
  3 hobgoblins
  4 quokkas
  4 ball pythons
  8 bats
  7 frilled lizards
  8 kobolds
  12 rats
101 creatures vanquished.

Vanquished Creatures (collateral kills)
  Natasha (D:3)
  A hobgoblin (D:3)
2 creatures vanquished.

Grand Total: 103 creatures vanquished

Notes
Turn   | Place    | Note
-------+----------+-------------------------------------------
     0 | D:1      | strifetoe the Djinni Earth Elementalist began the quest for
                  | the Orb.
     0 | D:1      | strifetoe set off with the following spells memorised:
                  | Sandblast, Passwall, Stone Arrow, Petrify, Brom's
                  | Barrelling Boulder.
     0 | D:1      | Reached XP level 1. HP: 15/15 MP: 0/0
   192 | D:1      | Reached XP level 2. HP: 19/21 MP: 0/0
   504 | D:1      | Reached XP level 3. HP: 24/25 MP: 0/0
   504 | D:1      | Learned a level 1 spell: Freeze
   653 | D:1      | Found a faded altar of an unknown god.
  1266 | D:2      | Found an iron altar of Okawaru.
  1683 | D:3      | Reached XP level 4. HP: 25/31 MP: 0/0
  1721 | D:3      | Noticed Natasha
  1725 | D:3      | Killed Natasha
  1831 | D:3      | Noticed Natasha
  1836 | D:3      | Killed Natasha
  1837 | D:3      | Reached XP level 5. HP: 26/35 MP: 0/0
  1837 | D:3      | Learned a level 2 spell: Searing Ray
  1856 | D:3      | Noticed Ijyb
  1986 | D:3      | Found a glowing drain.
  2028 | Sewer    | Entered a sewer
  2163 | Sewer    | Reached XP level 6. HP: 34/40 MP: 0/0
  2224 | D:3      | Reached skill level 5 in Spellcasting
  2224 | D:3      | Reached skill level 5 in Conjurations
  2224 | D:3      | Reached skill level 5 in Hexes
  2224 | D:3      | Reached skill level 5 in Summonings
  2224 | D:3      | Reached skill level 5 in Necromancy
  2224 | D:3      | Reached skill level 5 in Translocations
  2224 | D:3      | Reached skill level 5 in Transmutations
  2224 | D:3      | Reached skill level 5 in Fire Magic
  2224 | D:3      | Reached skill level 5 in Ice Magic
  2224 | D:3      | Reached skill level 5 in Air Magic
  2224 | D:3      | Reached skill level 5 in Earth Magic
  2224 | D:3      | Reached skill level 5 in Poison Magic
  2469 | D:3      | Noticed Natasha
  2474 | D:3      | Killed Natasha
  2504 | D:3      | Killed Ijyb
  2873 | D:4      | Reached XP level 7. HP: 34/45 MP: 0/0
  2873 | D:4      | Learned a level 2 spell: Scorch
  3003 | D:4      | Noticed a water moccasin
  3119 | D:4      | Killed a water moccasin
  3458 | D:4      | Noticed Edmund
  3462 | D:4      | Killed Edmund
  3463 | D:4      | Reached skill level 1 in Fighting
  3873 | D:4      | Noticed Pikel
  3889 | D:4      | HP: 1/49 [Pikel/+2 whip of freezing (6)]
  3890 | D:4      | Slain by Pikel

Illustrated notes

Levels and vault maps discovered:
D:1:      dpeg_arrival_court, layout_loops_cross,
          dreamdust_ecumenical_altar_angels_and_demons, st_stairs_5,
          minmay_worlds_worst_comb
D:2:      layout_basic, basic_altar, minmay_door_square
D:3:      layout_rooms, gup_sewer_entry_glass, st_stairs_10, uniq_ijyb,
          uniq_natasha
D:4:      layout_basic, uniq_pikel, uniq_edmund

Skill      XL: |  1  2  3  4  5  6  7 |
---------------+----------------------+-----
Spellcasting   | 4 5 6 |  6.0
Conjurations   | 4 5 6 |  6.0
Hexes          | 4 5 6 |  6.0
Summonings     | 4 5 6 |  6.0
Necromancy     | 4 5 6 |  6.0
Translocations | 4 5 6 |  6.0
Transmutations | 4 5 6 |  6.0
Fire Magic     | 4 5 6 |  6.0
Ice Magic      | 4 5 6 |  6.0
Air Magic      | 4 5 6 |  6.0
Earth Magic    | 4 5 6 |  6.0
Poison Magic   | 4 5 6 |  6.0
Fighting       | 2 |  2.1
Dodging        | 3 |  3.6
Stealth        | |  1.9

Action                     |  1- 3 |  4- 6 |  7- 9 || total
---------------------------+-------+-------+-------++-------
  Melee: Dagger            |    11 |    26 |       ||    37
         Punch             |       |     1 |       ||     1
   Cast: Sandblast         |    50 |    45 |    15 ||   110
         Stone Arrow       |       |    22 |    14 ||    36
         Searing Ray       |       |     1 |     1 ||     2
  Evoke: Wand              |       |     1 |       ||     1
    Use: Scroll            |     9 |     1 |     1 ||    11
         Potion            |       |       |     4 ||     4
   Stab: Sleeping          |     2 |     1 |       ||     3
 Armour: Robe              |    22 |    37 |    10 ||    69
  Dodge: Dodged            |    31 |    42 |     2 ||    75

Table legend: (Time is in decaauts)
 A = Elapsed time spent in this place.
 B = Non-inter-level travel time spent in this place.
 C = Inter-level travel time spent in this place.
 D = Time resting spent in this place.
 E = Time spent auto-exploring this place.
 F = Levels seen in this place.
 G = Mean time per level.
                   A        B        C        D        E       F      G
               +--------+--------+--------+--------+--------+-----+--------+
         Total |   3945 |   3914 |     31 |    498 |   2610 |   5 |  789.0 |
       Dungeon |   3779 |   3748 |     31 |    422 |   2610 |   4 |  944.8 |
         Sewer |    165 |    165 |      0 |     76 |      0 |   1 |  165.0 |
               +--------+--------+--------+--------+--------+-----+--------+

Top non-repeatable levels by time:
     D:4: 1123 daAuts
     D:2: 1013 daAuts
     D:3: 965 daAuts
     D:1: 677 daAuts
   Sewer: 165 daAuts
